 Dungeon Crawl Stone Soup version 0.32-a0-290-g598725c5f2 (webtiles) character file.

Game seed: 7843246632360661308

4 Bravepunisher the Ducker (level 1, 0/11 HPs)
             Began as a Spriggan Monk on Feb 13, 2024.
             Slain by a ball python (2 damage)
             ... on level 4 of the Dungeon.
             The game lasted 00:02:23 (278 turns).

Bravepunisher the Ducker (Spriggan Monk)             Turns: 278, Time: 00:02:24

Health: 0/11       AC:  2    Str:  5 (7)  XL:     1   Next: 58%
Magic:  2/2        EV: 15    Int:  9 (11) God:
Gold:   0          SH:  0    Dex: 15 (17) Spells: 0/0 levels left

rFire   . . .        a - +1 short sword
rCold   . . .        (no shield)
rNeg    . . .        b - +0 robe
rPois   .            (helmet restricted)
rElec   .            (no cloak)
rCorr   .            (gloves unavailable)
SInv    +            (boots unavailable)
Will    .....        (no amulet)
Stlth   +            (no ring)
HPRegen 0.21/turn    (no ring)
MPRegen 0.08/turn

%: no passive effects
@: brilliant, constricted, very quick
A: very small, no large weapons, unfitting armour, see invisible, speed 3
a: no special abilities


You were on level 4 of the Dungeon.
You visited 1 branch of the dungeon, and saw 5 of its levels.

Inventory:

Hand Weapons
 a - a +1 short sword (weapon)
Armour
 b - a +0 robe (worn)
Scrolls
 g - 3 scrolls of identify {unknown}
Potions
 c - a potion of ambrosia


   Skills:
 + Level 2.5 Fighting
 - Level 3.2 Short Blades
 * Level 4.3 Dodging


You couldn't memorise any spells.
You didn't know any spells.
Your spell library was empty.

Dungeon Overview and Level Annotations

Branches:
Dungeon (5/15)
 Temple: D:4-7

Altars:
Hepliaklqana

Annotations:
D:4 Edmund


Innate Abilities, Weirdness & Mutations

You are very small and have problems with some larger weapons.
You are too small for most types of armour.
You have supernaturally acute eyesight. (SInv)
You cover ground extremely quickly. (Speed+++)


Message History

The slug dart misses you. As you open the door, it creaks loudly!
There is an open door here.
A ball python comes into view.
You open the door.
Found a stone staircase leading down.
An iguana comes into view.
Found 6 stones.
Found a stone staircase leading down.
There is an open door here.
Found a spear.
Found a stone staircase leading down.
You open the door.
There is an open door here.
There is a stone staircase leading down here.
The ball python bites you. The ball python misses you.
You climb downwards.
The orc wizard shouts! x2; The orc shouts!
You hear a shout!
Found a potion of ambrosia and 9 gold pieces.
There is a stone staircase leading up here.
The orc shouts!
The orc jeers noisily.
The orc wizard casts a spell at you. The puff of flame hits you.
You climb upwards.
Level annotation: Edmund The ball python completely misses you.
The ball python grabs you. The ball python constricts you.
The ball python closely misses you.
There is a stone staircase leading down here.
The ball python's grasp on you weakens, but your attempt to escape fails.
The ball python barely misses you. The ball python constricts you.
The ball python misses you. The ball python bites you.
* * * LOW HITPOINT WARNING * * *
The ball python constricts you.
Unknown command.
You escape the ball python's grasp.
The ball python misses you. The ball python grabs you.
The ball python constricts you.
The ball python's grasp on you weakens, but your attempt to escape fails.
The ball python closely misses you. The ball python constricts you.
The ball python bites you.
You die...

#............#....
#.......l....#....
#........>...#....
#....# #..# #....
#'#######..####'#.
#..........#....#[
#..........#....#
#..)....w..'....#
#@S........#....#
#>S..###>..##...#
###### #...##...#
..........#
...(.......#
............#
............#


You could see a dart slug and 2 ball pythons.

Vanquished Creatures
  A goblin (D:2)
  A bat (D:3)
  A frilled lizard (D:3)
3 creatures vanquished.

Notes
Turn   | Place    | Note
-------+----------+-------------------------------------------
     0 | D:1      | Bravepunisher the Spriggan Monk began the quest for the
                  | Orb.
     0 | D:1      | Reached XP level 1. HP: 11/11 MP: 2/2
    73 | D:2      | Found a hazy altar of Hepliaklqana.
   171 | D:4      | Noticed a jelly
   180 | D:4      | Noticed Edmund
   180 | D:4      | Noticed a hound
   220 | D:4      | Noticed a hound
   255 | D:4      | Noticed an iguana
   273 | D:5      | Entered Level 5 of the Dungeon
   273 | D:5      | Noticed an orc wizard
   273 | D:5      | Noticed an orc wizard
   278 | D:4      | Slain by a ball python

Illustrated notes

Levels and vault maps discovered:
D:1:      zelgadis_glass_arrival_small, layout_basic
D:2:      minmay_inner_zag, layout_loops_corners, basic_altar, serial_shops,
          nicolae_shop_tiny_waterfront
D:3:      layout_rooms, nemelex_diamond_rough_becter
D:4:      layout_gridville, nrook_loot_triangle, corner_web_ring, uniq_edmund
D:5:      layout_loops_cross, serial_shops, nicolae_shop_tiny_real_fake_doors,
          serial_library_regret_index_small_wings

Action                     || total
---------------------------++-------
  Melee: Short sword       ||    12
    Use: Scroll            ||     3
         Potion            ||     2
   Stab: Sleeping          ||     1
 Armour: Robe              ||    12
  Dodge: Dodged            ||    37

Table legend: (Time is in decaauts)
 A = Elapsed time spent in this place.
 B = Non-inter-level travel time spent in this place.
 C = Inter-level travel time spent in this place.
 D = Time resting spent in this place.
 E = Time spent auto-exploring this place.
 F = Levels seen in this place.
 G = Mean time per level.
                   A        B        C        D        E       F      G
               +--------+--------+--------+--------+--------+-----+--------+
         Total |    182 |    182 |      0 |      0 |     66 |   5 |   36.4 |
       Dungeon |    182 |    182 |      0 |      0 |     66 |   5 |   36.4 |
               +--------+--------+--------+--------+--------+-----+--------+

Top non-repeatable levels by time:
     D:4: 69 daAuts
     D:2: 47 daAuts
     D:1: 45 daAuts
     D:3: 18 daAuts
     D:5: 1 daAuts
